 Dungeon Crawl Stone Soup version 0.21-a0-279-g6037ffb (webtiles) character file.

7148 tidbits the Martial Artist (level 10, -9/81 HPs)
             Began as a Red Draconian Necromancer on Sept 23, 2017.
             Was a High Priest of Uskayaw.
             Mangled by a two-headed ogre
             ... wielding a +0 giant club
              (28 damage)
             ... on level 11 of the Dungeon.
             The game lasted 00:44:10 (3949 turns).

tidbits the Martial Artist (DrNe)                   Turns: 3949, Time: 00:44:11

Health: -9/81      AC:  9    Str: 11    XL:     10   Next: 86%
Magic:  1/15       EV: 16    Int: 20    God:    Uskayaw [*****.]
Gold:   531        SH:  0    Dex: 12    Spells: 0/16 levels left

rFire    + + .     SeeInvis .     - Unarmed
rCold    + . .     Gourm    .   (no shield)
rNeg     . . .     Faith    .   (armour unavailable)
rPois    .         Spirit   .   (helmet restricted)
rElec    .         Reflect  .   (no cloak)
rCorr    .         Harm     .   G - +1 pair of gloves
MR       +....                  (no boots)
Stlth    ++........             (no amulet)
HPRegen  1.23/turn              k - ring of wizardry
MPRegen  0.14/turn              I - ring of protection from magic

@: short of breath, regenerating (expiring)
A: breathe fire, unfitting armour, clever 1, cold resistance 1, fire resistance
2, frail 1, sense surroundings 1, evolution 1, cold-blooded, AC +7
a: Breathe Fire, Stomp, Line Pass, Grand Finale, Renounce Religion


You were on level 11 of the Dungeon.
You worshipped Uskayaw.
Uskayaw was noncommittal.
You were very hungry.

You visited 2 branches of the dungeon, and saw 12 of its levels.
You also visited: Sewer.

You collected 531 gold pieces.

Inventory:

Hand Weapons
 c - a +0 shortbow of freezing
   (You took it off a centaur on level 9 of the Dungeon)
 d - a +2 dagger of flaming
   (You took it off a goblin on level 2 of the Dungeon)
 j - a +0 long sword
 v - a +2 short sword of draining
   (You took it off a big kobold in a sewer)
 B - a +0 trident of protection
   (You took it off an orc on level 7 of the Dungeon)
Missiles
 e - 14 tomahawks (quivered)
 g - 241 arrows
 p - 2 javelins
 w - 22 poisoned needles
Armour
 E - a -2 pair of boots
 G - a +1 pair of gloves (worn)
Jewellery
 k - a ring of wizardry (left hand)
   (You took it off a hobgoblin on level 1 of the Dungeon)
 I - a ring of protection from magic (right hand)
   (You found it on level 9 of the Dungeon)
Scrolls
 f - 6 scrolls of remove curse
 h - a scroll of fear {unknown}
 i - a scroll of identify
 o - 4 scrolls of teleportation {unknown}
 r - a scroll of random uselessness {unknown}
 t - 3 scrolls of noise {unknown}
 u - a scroll of recharging {unknown}
 y - 2 scrolls of blinking {unknown}
 z - 4 scrolls of amnesia
 A - a scroll of immolation {unknown}
 D - a scroll of fog {unknown}
 H - a scroll of enchant armour {unknown}
Potions
 m - a potion of cancellation
 q - 4 potions of flight
 s - 3 potions of heal wounds
 x - a potion of curing
 F - a potion of ambrosia
 K - a potion of brilliance {unknown}
Books
 a - a book of Necromancy

   Spells                             Type                      Level
   a - Pain                           Necromancy                   1
   b - Animate Skeleton               Necromancy                   1
   c - Vampiric Draining              Necromancy                   3
   d - Regeneration                   Charms/Necromancy            3
   e - Animate Dead                   Necromancy                   4
   f - Control Undead                 Necromancy                   4
 L - a book of Summonings
   (You found it on level 11 of the Dungeon)

   Spells                             Type                      Level
   a - Recall                         Summoning/Translocation      3
   b - Aura of Abjuration             Summoning                    5
   c - Summon Demon                   Summoning                    5
   d - Summon Forest                  Summoning/Translocation      5
   e - Summon Mana Viper              Hexes/Summoning              5
   f - Shadow Creatures               Summoning                    6
Comestibles
 b - 6 bread rations
 l - 2 fruits
 n - 8 royal jellies
 C - 2 meat rations
 J - 3 chunks of flesh


   Skills:
 + Level 8.5 Fighting
 + Level 7.3 Dodging
 - Level 1.7 Stealth
 * Level 10.8 Unarmed Combat
 - Level 3.7 Spellcasting
 - Level 6.4 Necromancy


You couldn't memorise any spells.
You knew the following spells:

 Your Spells              Type           Power        Failure   Level  Hunger
n - Animate Skeleton      Necr           N/A          1%          1    None
r - Regeneration          Chrm/Necr      ###.......   4%          3    ###....
u - Control Undead        Necr           ####......   3%          4    ####...
v - Vampiric Draining     Necr           ####......   1%          3    ###....
z - Pain                  Necr           ####         1%          1    None
N - Animate Dead          Necr           N/A          3%          4    ####...


Dungeon Overview and Level Annotations

Branches:
Dungeon (11/15)            Temple (0/1) D:4            Lair (1/6) D:8
    Orc: D:9-12

Altars:
Dithmenos
Gozag
Trog
Uskayaw


Innate Abilities, Weirdness & Mutations

You can breathe blasts of fire.
Your fiery red scales are hard. (AC +7)
You cannot fit into any form of body armour.
Your flesh is very heat resistant. (rF++)
You are cold-blooded and may be slowed by cold attacks.
Your mind is acute. (Int +2)
Your flesh is cold resistant. (rC+)
You are frail. (-10% HP)
You passively map a small area around you.
You evolve.


Message History

Uskayaw links your audience in an emotional bond!
You hit the centaur warrior skeleton.
You kill the centaur!
You destroy the centaur warrior skeleton!
You barely miss the shadow imp.
The shadow imp is heavily wounded.
You punch the shadow imp!
You kill the shadow imp!
The adder is no longer sharing its pain.
The soldier ant is engulfed in blazing flames.
Casting: Regeneration
Confirm with . or Enter, or press ? or * to list all spells.
Your skin crawls.
You barely miss the soldier ant.
The soldier ant is moderately wounded.
You have got your breath back.
You aren't carrying any items that you can evoke without wielding.
Unknown command.
Okay, then.
Casting: Regeneration
Confirm with . or Enter, or press ? or * to list all spells.
You call on the dead to rise...
The dead are walking!
You are feeling very hungry.
Something bites your centaur zombie. The soldier ant stings you.
* * * LOW HITPOINT WARNING * * *
Something bites your centaur zombie but does no damage.
Unknown command.
Casting: Animate Dead
Confirm with . or Enter, or press ? or * to list all spells.
Aiming: Vampiric Draining
Press: ? - help, Shift-Dir - straight line, f - soldier ant
Aim: a soldier ant (moderately wounded)
The soldier ant is heavily wounded.
You feel life coursing into your body. The soldier ant stings you!
* * * LOW HITPOINT WARNING * * *
You are poisoned.
The soldier ant poisons you! Something bites your centaur zombie.
Your centaur zombie hits the soldier ant.
You barely miss the soldier ant.
The soldier ant is severely wounded.
You feel sick. The soldier ant completely misses you.
Something bites your centaur zombie.
Your centaur zombie barely misses the soldier ant.
You punch the soldier ant!
The soldier ant is almost dead.
You feel sick. The adder bites your centaur zombie. The soldier ant stings you!
* * * LOW HITPOINT WARNING * * *
Something bites your centaur zombie.
Your centaur zombie closely misses the soldier ant.
You feel better.
The adder bites your centaur zombie but does no damage.
Something bites your centaur zombie.
Your centaur zombie hits the soldier ant.
The soldier ant dies!
You punch the two-headed ogre!
The two-headed ogre is moderately wounded.
Something bites your centaur zombie.
Your centaur zombie hits the two-headed ogre.
The two-headed ogre hits you with a giant club!!
* * * LOW HITPOINT WARNING * * *
The two-headed ogre hits you but does no damage.
You can now merge with and destroy a victim.
Okay, then.
You feel much better.
You hear the faint crackling of a melting archway nearby.
Something bites your centaur zombie.
Your centaur zombie hits the two-headed ogre.
The centaur hits your centaur zombie! Something bites your centaur zombie.
Your centaur zombie barely misses the two-headed ogre.
The two-headed ogre hits you but does no damage.
The two-headed ogre hits you with a giant spiked club!!
* * * LOW HITPOINT WARNING * * *
Okay, then.
Unknown command.
Okay, then.
Unknown command.
You feel much better.
The centaur hits your centaur zombie. x2
Your centaur zombie is destroyed!
Casting: Vampiric Draining
Confirm with . or Enter, or press ? or * to list all spells.
Aiming: Vampiric Draining
Press: ? - help, Shift-Dir - straight line, f - two-headed ogre
Aim: a two-headed ogre, wielding a giant club and a giant spiked club (moderately wounded)
The two-headed ogre is moderately wounded.
You feel life coursing into your body. The two-headed ogre barely misses you.
The two-headed ogre hits you with a giant spiked club!
* * * LOW HITPOINT WARNING * * *
You hear a shout!
Press: ? - help, Shift-Dir - straight line, f/p - two-headed ogre
Aim: a two-headed ogre, wielding a giant club and a giant spiked club (moderately wounded)
You breathe a blast of fire.
The fiery breath hits the two-headed ogre.
The two-headed ogre is heavily wounded.
You feel somewhat more hungry.
Your skin is crawling a little less now.
The two-headed ogre is engulfed in blazing flames.
The two-headed ogre hits you with a giant club!
* * * LOW HITPOINT WARNING * * *
The two-headed ogre hits you with a giant spiked club!!
You die...

, , ,
.####...#....##..#.# ,
.......###.#........
...[................ ,,
, ,.#......##..........
*......S....O........
** ######.(c###(...#..
* #(#............ ,
########S##..#........
*
#.(...@OSc..##....####*
...########........# ,
,* ........... * *
,*### ##....... , , , ,
,.c....... , , # * , *
* * , * , , , , , , , *


You could see a two-headed ogre, a centaur and 2 adders.

Vanquished Creatures
  A two-headed ogre (D:8)
  Erica (D:9)
  A manticore (D:10)
  Joseph (D:9)
  A human (D:7)
  4 hogs (D:7)
  2 water moccasins
  2 orc warriors
  2 black bears
  3 sky beasts
  An eye of draining (D:9)
  3 ice beasts
  7 centaurs
  An ogre (D:9)
  A big kobold (Sewer)
  4 bullfrogs
  3 killer bees (D:9)
  A vampire bat (D:10)
  3 howler monkeys
  2 crimson imps
  2 hounds
  4 orc priests
  3 orc wizards
  3 centaur skeletons
  A bullfrog skeleton (D:6)
  4 jellies
  4 worker ants
  A hound skeleton (D:4)
  A worker ant zombie (D:5)
  4 gnolls
  A howler monkey skeleton (D:5)
  7 adders
  A river rat (Sewer)
  A shadow imp (D:11)
  An ooze (D:3)
  An adder zombie (D:9)
  An adder skeleton (D:7)
  3 worms
  4 dart slugs
  8 leopard geckos
  35 orcs
  7 giant cockroaches
  4 goblins
  8 hobgoblins
  6 jackals
  7 kobolds
  5 quokkas
  2 ball pythons
  10 bats
  3 frilled lizards
  7 rats
  A fungus (D:2)
194 creatures vanquished.

Vanquished Creatures (collateral kills)
  Psyche (D:9)
  A wyvern (D:10)
  A soldier ant (D:11)
  An ice beast (D:9)
  A phantom (D:7)
  An ogre (D:4)
  An eye of draining (D:9)
  An orc wizard (D:7)
  2 bullfrog skeletons
  A hound (D:4)
  3 worker ants
  A worker ant zombie (D:7)
  A river rat (D:4)
  A leopard gecko (D:4)
  An orc (D:7)
  A goblin (D:9)
  3 jackals (D:3)
  A ball python (D:4)
  A rat (D:2)
  3 fungi (D:2)
27 creatures vanquished.

Vanquished Creatures (others)
  A hound (D:8)
  An adder (D:8)
  An adder skeleton (D:8)
3 creatures vanquished.

Grand Total: 224 creatures vanquished

Notes
Turn   | Place    | Note
-------+----------+-------------------------------------------
     0 | D:1      | tidbits the Draconian Necromancer began the quest for the Orb.
     0 | D:1      | Reached XP level 1. HP: 14/14 MP: 3/3
   115 | D:1      | Reached XP level 2. HP: 11/20 MP: 0/5
   314 | D:1      | HP: 2/20 [leopard gecko (4)]
   383 | D:1      | Learned a level 1 spell: Animate Skeleton
   554 | D:1      | Reached XP level 3. HP: 13/26 MP: 1/6
   559 | D:1      | Learned a level 3 spell: Vampiric Draining
   599 | D:2      | Noticed a hand axe
   599 | D:2      | Noticed an enchanted hand axe
   654 | D:2      | Found a hide-covered altar of Uskayaw.
   662 | D:2      | Became a worshipper of Uskayaw the Reveler
   669 | D:2      | Reached * piety under Uskayaw
   720 | D:2      | Noticed an orc warrior
   738 | D:2      | Reached ** piety under Uskayaw
   741 | D:2      | Reached *** piety under Uskayaw
   742 | D:2      | Killed an orc warrior
   742 | D:2      | Reached skill level 3 in Spellcasting
   742 | D:2      | Reached skill level 5 in Necromancy
   742 | D:2      | Reached XP level 4. HP: 12/33 MP: 0/8
   742 | D:2      | Reached XP level 5. HP: 15/38 MP: 0/9
   751 | D:2      | Learned a level 3 spell: Regeneration
  1000 | D:4      | Reached skill level 6 in Necromancy
  1017 | D:4      | Reached XP level 6. HP: 40/45 MP: 1/11
  1104 | D:4      | Gained mutation: Your magical capacity is low. (-10% MP) [potion of mutation]
  1104 | D:4      | Gained mutation: Your muscles are strong. (Str +2) [potion of mutation]
  1104 | D:4      | Lost mutation: Your muscles are strong. (Str +2) [potion of mutation]
  1104 | D:4      | Gained mutation: Your mind is acute. (Int +2) [potion of mutation]
  1112 | D:4      | Learned a level 4 spell: Animate Dead
  1118 | D:4      | Reached skill level 2 in Dodging
  1118 | D:4      | Reached skill level 1 in Unarmed Combat
  1137 | D:4      | Reached skill level 1 in Fighting
  1155 | D:4      | Found a glowing drain.
  1179 | D:4      | Reached skill level 2 in Unarmed Combat
  1183 | Sewer    | Entered a sewer
  1237 | Sewer    | Your scales start taking on a fiery red colour.
  1237 | Sewer    | Reached XP level 7. HP: 48/53 MP: 0/11
  1237 | Sewer    | Gained mutation: Your flesh is heat resistant. (rF+) [Red Draconian growth]
  1276 | Sewer    | Found a white marble altar of Elyvilon.
  1321 | D:4      | Found a staircase to the Ecumenical Temple.
  1355 | D:5      | Entered Level 5 of the Dungeon
  1380 | D:5      | Reached skill level 3 in Unarmed Combat
  1454 | D:5      | Reached skill level 2 in Fighting
  1454 | D:5      | Reached skill level 3 in Dodging
  1491 | D:6      | Reached **** piety under Uskayaw
  1582 | D:5      | Found a shadowy altar of Dithmenos.
  1648 | D:4      | Reached skill level 4 in Unarmed Combat
  1717 | D:5      | Reached skill level 3 in Fighting
  2278 | D:6      | Reached XP level 8. HP: 56/63 MP: 8/12
  2384 | D:7      | Reached skill level 4 in Dodging
  2384 | D:7      | Reached skill level 5 in Unarmed Combat
  2388 | D:7      | Gained mutation: You are frail. (-10% HP) [mutagenic meat]
  2389 | D:7      | Gained mutation: Your flesh is cold resistant. (rC+) [mutagenic meat]
  2390 | D:7      | Gained mutation: Your flesh is very heat resistant. (rF++) [mutagenic meat]
  2391 | D:7      | Gained mutation: You evolve. [mutagenic meat]
  2392 | D:7      | Gained mutation: You passively map a small area around you. [mutagenic meat]
  2393 | D:7      | Lost mutation: Your magical capacity is low. (-10% MP) [mutagenic meat]
  2407 | D:7      | Reached skill level 4 in Fighting
  2421 | D:7      | Reached skill level 6 in Unarmed Combat
  2421 | D:7      | Reached ***** piety under Uskayaw
  2436 | D:7      | Reached ****** piety under Uskayaw
  2437 | D:7      | Reached skill level 5 in Fighting
  2543 | D:7      | Reached skill level 5 in Dodging
  2543 | D:7      | Reached skill level 7 in Unarmed Combat
  2543 | D:7      | Reached XP level 9. HP: 24/66 MP: 0/14
  2882 | D:8      | Found a staircase to the Lair.
  2907 | D:8      | Reached skill level 6 in Fighting
  2962 | D:8      | Reached skill level 8 in Unarmed Combat
  3080 | D:8      | Noticed a two-headed ogre
  3083 | D:8      | Killed a two-headed ogre
  3083 | D:8      | Reached skill level 6 in Dodging
  3108 | D:7      | Reached skill level 7 in Fighting
  3206 | D:9      | Reached skill level 9 in Unarmed Combat
  3299 | Lair:1   | Entered Level 1 of the Lair of Beasts
  3322 | D:9      | Noticed Psyche
  3407 | D:9      | Reached XP level 10. HP: 74/77 MP: 10/15
  3418 | D:9      | Learned a level 4 spell: Control Undead
  3425 | D:9      | Noticed Erica
  3433 | D:9      | Killed Erica
  3544 | D:9      | Found a bloodstained altar of Trog.
  3560 | D:9      | Killed Psyche
  3613 | D:9      | Noticed Joseph
  3632 | D:9      | Killed Joseph
  3632 | D:9      | Reached skill level 10 in Unarmed Combat
  3634 | D:9      | Found an opulent altar of Gozag.
  3661 | D:10     | Entered Level 10 of the Dungeon
  3673 | D:10     | Noticed a manticore
  3677 | D:10     | Killed a manticore
  3677 | D:10     | Reached skill level 8 in Fighting
  3677 | D:10     | Reached skill level 7 in Dodging
  3915 | D:11     | Noticed a two-headed ogre
  3949 | D:11     | Mangled by a two-headed ogre

Vault maps used:
D:1:      giann_forest_graveyard
D:2:      dancing_weapons_uskayaw, first_bread, wad_floor_pattern_untrapped,
          minmay_gold_behind_fungi
D:3:      kiku_gazebo_garden_becter, uniq_natasha
D:4:      lemuel_doored_altar, minmay_temple_entry_statues_pillars,
          portal_sewer_entry_b
D:5:      grunt_dithmenos_smoke
D:6:      kennysheep_little_box, minmay_misc_feat_alley
D:7:      grunt_livestock
D:8:      lair_entry_dummy, lemuel_flamethrower_1
D:9:      lemuel_coloured_pillars_altar, trog_eyes_of_draining,
          grunt_gozag_statues, uniq_erica, uniq_joseph, uniq_psyche
D:10:     david_orc_2, roderic_batcave
D:11:     portal_ice_cave_rime
Lair:1:   cheibrodos_lair_lostbears
Sewer:    sewer_kobolds

Skill      XL: |  1  2  3  4  5  6  7  8  9 10 |
---------------+-------------------------------+-----
Spellcasting   | 3 |  3.7
Necromancy     | 5 6 |  6.4
Dodging        | 2 3 5 6 7 |  7.3
Unarmed Combat | 2 4 7 9 10 | 10.8
Fighting       | 1 3 5 7 8 |  8.5
Stealth        | |  1.7

Action                   |  1- 3 |  4- 6 |  7- 9 | 10-12 || total
-------------------------+-------+-------+-------+-------++-------
Melee: Club              |     5 |       |       |       ||     5
       Unarmed           |    10 |     5 |   105 |    83 ||   203
       Dagger            |    14 |    40 |    11 |       ||    65
       Tailslap          |     3 |     3 |    31 |     8 ||    45
       Short sword       |       |       |   193 |       ||   193
       Punch             |       |       |     3 |     3 ||     6
 Fire: Shortbow          |       |       |       |     3 ||     3
Throw: Tomahawk          |     2 |       |       |       ||     2
 Cast: Pain              |    41 |    39 |    49 |    23 ||   152
       Animate Skeleton  |     2 |     9 |    14 |     4 ||    29
       Vampiric Draining |     1 |     1 |    27 |     7 ||    36
       Regeneration      |       |     2 |     9 |     4 ||    15
       Animate Dead      |       |       |     4 |     1 ||     5
 Abil: Breathe Fire      |       |       |    18 |     7 ||    25
  Use: Potion            |     2 |     2 |     1 |     4 ||     9
       Scroll            |     1 |     6 |     3 |     1 ||    11
 Stab: Paralysed         |     1 |     3 |     8 |     1 ||    13
       Distracted        |       |     1 |     1 |       ||     2
       Sleeping          |       |       |     2 |       ||     2
       Invisible         |       |       |     7 |       ||     7
  Eat: Chunk             |     1 |     2 |    19 |     3 ||    25
       Royal jelly       |       |       |     1 |       ||     1
Armor: Skin              |    14 |     9 |   115 |    34 ||   172
Dodge: Dodged            |    18 |    26 |   300 |    71 ||   415

Table legend:
 A = Spawn XP
 B = Non-spawn XP
 C = Spawn XP percentage of total XP
 D = Spawn monster count
 E = Non-spawn monster count
 F = Spawn count percentage of total count
 G = Total turns spent on level
                    A         B        C        D         E        F      G
               +---------+---------+-------+---------+---------+-------+---------
         Total |       0 |   10212 |   0.0 |       0 |     217 |   0.0 |  3949
               +---------+---------+-------+---------+---------+-------+---------
           D:1 |       0 |      41 |   0.0 |       0 |      18 |   0.0 |   595
           D:2 |       0 |     172 |   0.0 |       0 |      18 |   0.0 |   358
           D:3 |       0 |      58 |   0.0 |       0 |      19 |   0.0 |   304
           D:4 |       0 |     610 |   0.0 |       0 |      29 |   0.0 |   520
           D:5 |       0 |     305 |   0.0 |       0 |      16 |   0.0 |   297
           D:6 |       0 |     298 |   0.0 |       0 |      17 |   0.0 |   144
           D:7 |       0 |    2044 |   0.0 |       0 |      29 |   0.0 |   529
           D:8 |       0 |    1513 |   0.0 |       0 |      16 |   0.0 |   414
           D:9 |       0 |    2818 |   0.0 |       0 |      22 |   0.0 |   366
          D:10 |       0 |    1329 |   0.0 |       0 |      16 |   0.0 |   233
          D:11 |       0 |     907 |   0.0 |       0 |       6 |   0.0 |    55
         Sewer |       0 |     117 |   0.0 |       0 |      11 |   0.0 |   132
               +---------+---------+-------+---------+---------+-------+---------

Table legend:
 A = Turns spent in this place as a percentage of turns spent in the entire game.
 B = Non-inter-level travel turns spent in this place as a percentage of non-inter-level travel turns spent in the entire game.
 C = Inter-level travel turns spent in this place as a percentage of turns spent in this place.
 D = Turns resting spent in this place as a percentage of non-inter-level travel turns spent in this place.
 E = Turns spent auto-exploring this place as a percentage of non-inter-level travel turns spent in this place.
 F = Non-inter-level travel turns spent in this place divided by the number of levels of this place that you've seen.
                   A       B       C       D       E      F
               +-------+-------+-------+-------+-------+----------------------
         Total | 100.0 | 100.0 |   0.8 |   0.2 |   0.0 | 301.3
       Dungeon |  96.6 |  96.6 |   0.8 |   0.2 |   0.0 | 343.9
          Lair |   0.1 |   0.1 |   0.0 |   0.0 |   0.0 |   2.0
         Sewer |   3.3 |   3.4 |   0.0 |   0.0 |   0.0 | 132.0
               +-------+-------+-------+-------+-------+----------------------

Table legend:
 A = Kills in this place as a percentage of kills in entire the game.
 B = Kills by you in this place as a percentage of kills by you in the entire game.
 C = Kills by friends in this place as a percentage of kills by friends in the entire game.
 D = Other kills in this place as a percentage of other kills in the entire game.
 E = Experience gained in this place as a percentage of experience gained in the entire game.
 F = Experience gained in this place divided by the number of levels of this place that you have seen.
                   A       B       C       D       E      F
               +-------+-------+-------+-------+-------+----------------------
         Total | 100.0 | 100.0 | 100.0 |   N/A | 100.0 | 785.5
       Dungeon |  94.9 |  94.3 | 100.0 |   N/A |  98.9 | 917.7
         Sewer |   5.1 |   5.7 |   0.0 |   N/A |   1.1 | 117.0
               +-------+-------+-------+-------+-------+----------------------

Vault maps used:
D:1:      giann_forest_graveyard
D:2:      dancing_weapons_uskayaw, first_bread, wad_floor_pattern_untrapped,
          minmay_gold_behind_fungi
D:3:      kiku_gazebo_garden_becter, uniq_natasha
D:4:      lemuel_doored_altar, minmay_temple_entry_statues_pillars,
          portal_sewer_entry_b
D:5:      grunt_dithmenos_smoke
D:6:      kennysheep_little_box, minmay_misc_feat_alley
D:7:      grunt_livestock
D:8:      lair_entry_dummy, lemuel_flamethrower_1
D:9:      lemuel_coloured_pillars_altar, trog_eyes_of_draining,
          grunt_gozag_statues, uniq_erica, uniq_joseph, uniq_psyche
D:10:     david_orc_2, roderic_batcave
D:11:     portal_ice_cave_rime
Lair:1:   cheibrodos_lair_lostbears
Sewer:    sewer_kobolds
